 Dungeon Crawl Stone Soup version 0.14.1-1-g650416f (webtiles) character file.

10270 Kae the Bludgeoner (level 11, -8/78 (82) HPs)
             Began as a Minotaur Fighter on May 11, 2014.
             Was a High Priest of Okawaru (penitent).
             Killed by divine providence
             ... invoked by an orc priest
             ... led by the fury of Okawaru
              (11 damage)
             ... on Level 11 of the Dungeon.
             The game lasted 00:13:37 (9730 turns).

Kae the Bludgeoner (Minotaur Fighter)               Turns: 9730, Time: 00:13:37

HP  -8/78 (82)   AC 15     Str 27      XL: 11   Next: 25%
MP   4/4         EV  7     Int  5      God: *Okawaru
Gold 638         SH 20     Dex 10      Spells:  0 memorised, 10 levels left

rFire  . . .     SeeInvis .     b - +3,+2 flail (protect)
rCold  . . .     Clarity  .     D - +1 scale mail
rNeg   . . .     Conserve .     c - +0 shield
rPois  .         rCorr    .     (helmet restricted)
rElec  .         rRot     .     h - +0 cloak
SustAb . .       Spirit   .     e - +0 pair of gloves
rMut   .         Warding  .     (no boots)
Saprov . . .     Stasis   +     L - amulet "Siaq" {Stasis Str+4 Int-3 Acc+6}
MR     .....                    M - cursed ring of invisibility
                                v - +2 ring of strength

@: constricted, not resistant to hostile enchantments, extremely unstealthy
A: retaliatory headbutt, horns 2
a: Renounce Religion, Evoke Invisibility


You were on level 11 of the Dungeon.
You worshipped Okawaru.
Okawaru was demanding penance.
You were hungry.

You visited 1 branch of the dungeon, and saw 11 of its levels.

You collected 638 gold pieces.

Inventory:

Hand weapons
 a - a +0,-1 flail
 b - a +3,+2 flail of protection (weapon)
Missiles
 F - 10 tomahawks (quivered)
Armour
 c - a +0 shield (worn)
 e - a +0 pair of gloves (worn)
 h - a +0 cloak (worn)
 D - a +1 scale mail (worn)
Magical devices
 E - a wand of hasting (4)
 R - a wand of draining (4)
 T - a wand of magic darts (2)
 U - a wand of enslavement (12)
 V - a wand of frost (10)
Comestibles
 d - 7 bread rations
 f - a pear
 i - 7 meat rations
 k - a sausage
 q - a lychee
 z - a choko
 C - 3 apples
 K - 6 royal jellies
 P - a banana
Scrolls
 j - 9 scrolls of enchant weapon I
 l - 2 scrolls of magic mapping
 o - 6 scrolls of teleportation
 p - 9 scrolls of identify
 r - a scroll of enchant weapon II {unknown}
 s - a scroll of enchant armour
 u - 10 scrolls of remove curse
 x - a scroll of fog
 B - a scroll of noise
 I - a scroll of silence {unknown}
 J - 2 scrolls of vulnerability {unknown}
 O - a scroll of holy word {unknown}
 Q - a scroll of recharging
Jewellery
 v - a +2 ring of strength (left hand)
 y - a cursed amulet of resist corrosion
 L - the amulet "Siaq" (around neck) {Stasis Str+4 Int-3 Acc+6}
   (You found it on level 6 of the Dungeon)

   [amulet of stasis]

   It affects your strength (+4).
   It affects your intelligence (-3).
   It affects your accuracy with ranged weapons and melee attacks (+6).
 M - a cursed ring of invisibility (right hand)
 S - an uncursed ring of flight {unknown}
Potions
 g - a potion of lignification {unknown}
 m - 8 potions of heal wounds
 n - 2 potions of brilliance {unknown}
 t - a potion of berserk rage {unknown}
 w - a potion of mutation {unknown}
 A - 2 potions of flight
 G - 7 potions of curing
 H - 4 potions of invisibility
 N - a potion of restore abilities {unknown}


   Skills:
 - Level 3.6 Fighting
 + Level 19.2 Maces & Flails
 - Level 3.6 Armour
 - Level 3.6 Shields


You had 10 spell levels left.
You didn't know any spells.

Dungeon Overview and Level Annotations

Branches:
Dungeon (11/15)            Temple (0/1) D:6            Lair (0/8) D:8
    Orc: D:9-12

Altars:
Ashenzari
Cheibriados
Fedhas
Kikubaaqudgha
Okawaru
Vehumet

Shops:
D:4 (   D:6 *


Innate Abilities, Weirdness & Mutations

You reflexively headbutt those who attack you in melee.
You have a pair of horns on your head.


Message History

The salamander is moderately wounded.
The naga warrior spits poison at you. You block the splash of poison.
You block the salamander's attack.
You hit the salamander. You headbutt the salamander.
The salamander is heavily wounded.
The naga warrior barely misses you. You furiously retaliate!
You headbutt the naga warrior. The naga warrior barely misses you.
You thump the salamander! You headbutt the salamander!
The salamander is severely wounded.
The salamander hits you with a runed trident!
You are engulfed in flames!
* * * LOW HITPOINT WARNING * * *
The naga warrior hits you with a whip.
* * * LOW HITPOINT WARNING * * *
The naga warrior grabs you.
* * * LOW HITPOINT WARNING * * *
The naga warrior constricts you.
The orc priest invokes the aid of Okawaru against you.
Something smites you!
You die...

......#
#.......#
......#
#.......#
......#
#.......#
......#
#..<...(#
......#
#.......#
#'#####
#.......#
#..#####
####N####
##>....#
#N#
######.##
#@#
........#
#N#
........#
#o#
........#
#N##
........#
#No#
........#
##o#
......).#
#.#
........#
#.#
........#
#.#


You could see an orc warlord, a naga warrior, 2 salamanders, 2 nagas, an orc
priest and an orc.

Vanquished Creatures
  The ghost of oplop the Cleaver, a powerful MiFi of Okawaru (D:11)
  The ghost of Stendarr the Aerator, a powerful HEAE of Okawaru (D:10)
  A hill giant (D:10)
  The ghost of oplop the Shield-Bearer, an experienced MiFi (D:4)
  Psyche (D:8)
  3 trolls
  A wandering mushroom (D:8)
  2 deep elf magi
  4 sharks (D:10)
  A hippogriff (D:7)
  2 hungry ghosts
  A mottled dragon (D:9)
  Edmund (D:4)
  Menkaure (D:7)
  5 necrophages
  A water moccasin (D:6)
  5 orc warriors
  A yellow wasp (D:10)
  2 ice beasts
  A sky beast (D:5)
  2 phantoms
  A crocodile (D:11)
  4 ogres
  Sigmund (D:4)
  3 centaurs
  A big kobold (D:7)
  5 giant frogs
  2 scorpions
  A troll zombie (D:11)
  6 wights
  3 crimson imps
  A goliath beetle (D:10)
  A centaur zombie (D:8)
  A gnoll shaman (D:5)
  2 hounds (D:9)
  9 jellies
  Crazy Yiuf (D:4)
  An iguana (D:7)
  6 orc priests
  12 orc wizards
  Natasha (D:4)
  An elf skeleton (D:10)
  4 worker ants
  Ijyb (D:2)
  A sky beast zombie (D:8)
  A mummy (D:11)
  8 adders
  7 gnolls
  A worm zombie (D:5)
  2 shadow imps
  A gnoll skeleton (D:6)
  An inept feature mimic (D:6)
  6 worms
  An iguana zombie (D:8)
  3 iguana skeletons
  A giant eyeball (D:8)
  4 giant geckos
  6 oozes
  49 orcs
  2 ball pythons
  6 giant cockroaches
  18 goblins
  16 hobgoblins
  28 kobolds
  9 quokkas
  14 bats
  8 giant newts
  A giant newt skeleton (D:5)
  A giant spore (D:8)
  A goblin skeleton (D:5)
  A hobgoblin zombie (D:5)
  8 jackals
  A kobold skeleton (D:7)
  An orc zombie (D:8)
  13 rats
  A rat skeleton (D:7)
  4 ballistomycetes
  A bush (D:8)
  2 fungi
334 creatures vanquished.

Vanquished Creatures (others)
  An orc wizard (D:7)
  A giant spore (D:10)
  A fungus (D:8)
3 creatures vanquished.

Grand Total: 337 creatures vanquished

Notes
Turn   | Place    | Note
--------------------------------------------------------------
     0 | D:1      | Kae, the Minotaur Fighter, began the quest for the Orb.
     0 | D:1      | Reached XP level 1. HP: 19/19 MP: 1/1
    68 | D:1      | Reached XP level 2. HP: 26/26 MP: 1/1
   203 | D:1      | Reached skill level 4 in Maces & Flails
   404 | D:1      | Reached XP level 3. HP: 31/31 MP: 2/2
   697 | D:2      | Noticed Ijyb
   714 | D:2      | Killed Ijyb
   817 | D:2      | Reached skill level 5 in Maces & Flails
   883 | D:2      | Reached XP level 4. HP: 39/39 MP: 2/2
  1862 | D:4      | Noticed oplop's ghost (experienced MiFi)
  1873 | D:4      | Killed oplop's ghost
  1873 | D:4      | Reached skill level 8 in Maces & Flails
  1873 | D:4      | Reached XP level 5. HP: 20/45 MP: 2/2
  1873 | D:4      | Reached XP level 6. HP: 22/51 MP: 3/3
  2076 | D:4      | Noticed Natasha
  2081 | D:4      | Killed Natasha
  2266 | D:4      | Noticed Sigmund
  2279 | D:4      | Killed Sigmund
  2279 | D:4      | Reached skill level 9 in Maces & Flails
  2442 | D:4      | Noticed Edmund
  2446 | D:4      | Reached XP level 7. HP: 54/57 MP: 3/3
  2470 | D:4      | Killed Edmund
  2504 | D:4      | Reached skill level 10 in Maces & Flails
  2577 | D:4      | Found Prunotu's Antique Weapon Shop.
  3043 | D:4      | Noticed Crazy Yiuf
  3050 | D:4      | Killed Crazy Yiuf
  3139 | D:5      | Entered Level 5 of the Dungeon
  3196 | D:5      | Found a shattered altar of Ashenzari.
  3202 | D:5      | Reached skill level 11 in Maces & Flails
  3321 | D:5      | Reached XP level 8. HP: 52/64 MP: 3/3
  3884 | D:5      | Reached skill level 12 in Maces & Flails
  4007 | D:5      | Found a radiant altar of Vehumet.
  4008 | D:5      | Found an iron altar of Okawaru.
  4052 | D:5      | Became a worshipper of Warmaster Okawaru
  4109 | D:6      | Found a snail-covered altar of Cheibriados.
  4301 | D:6      | Got an ancient ruby amulet
  4344 | D:6      | Found a staircase to the Ecumenical Temple.
  4383 | D:6      | Identified the amulet "Siaq" {Stasis Str+4 Int-3 Acc+6} (You found it on level 6 of the Dungeon)
  4412 | D:6      | Found an ancient bone altar of Kikubaaqudgha.
  4412 | D:6      | Found Dumom's Profane Products.
  4916 | D:7      | Reached skill level 13 in Maces & Flails
  4967 | D:7      | Acquired Okawaru's first power
  5242 | D:7      | Reached XP level 9. HP: 66/70 MP: 4/4
  5446 | D:7      | Reached skill level 14 in Maces & Flails
  5565 | D:7      | Noticed Menkaure
  5572 | D:7      | Killed Menkaure
  5765 | D:8      | Noticed Psyche
  5775 | D:8      | Killed Psyche
  5831 | D:8      | Found a blossoming altar of Fedhas.
  5921 | D:8      | Found a staircase to the Lair.
  6015 | D:8      | Reached skill level 15 in Maces & Flails
  6487 | D:9      | Reached skill level 16 in Maces & Flails
  6647 | D:9      | Reached XP level 10. HP: 73/73 MP: 4/4
  7078 | D:10     | Entered Level 10 of the Dungeon
  7110 | D:10     | Noticed a hill giant
  7483 | D:10     | Reached skill level 17 in Maces & Flails
  8295 | D:10     | Killed a hill giant
  8295 | D:10     | Reached skill level 18 in Maces & Flails
  8327 | D:10     | Noticed Stendarr's ghost (powerful HEAE)
  8508 | D:10     | Killed Stendarr's ghost
  8508 | D:10     | Acquired Okawaru's second power
  8989 | D:10     | Reached XP level 11. HP: 67/78 MP: 4/4
  9601 | D:11     | Was placed under penance by Okawaru
  9652 | D:11     | Reached skill level 19 in Maces & Flails
  9664 | D:11     | Noticed oplop's ghost (powerful MiFi)
  9699 | D:11     | Killed oplop's ghost
  9726 | D:11     | Noticed a naga warrior
  9726 | D:11     | Noticed an orc warlord
  9730 | D:11     | HP: 3/78 [naga warrior/whip[the fury of Okawaru] (3)]
  9730 | D:11     | Killed from afar by an orc priest

Action                   |  1- 3 |  4- 6 |  7- 9 | 10-12 || total
-------------------------+-------+-------+-------+-------++-------
Melee: Flail             |   110 |    84 |   509 |   360 ||  1063
Throw: Tomahawk          |       |       |     2 |       ||     2
Invok: Heroism           |       |       |       |     3 ||     3
Evoke: Wand              |       |       |       |     5 ||     5
  Use: Potion            |       |     1 |     3 |     3 ||     7
       Scroll            |       |       |    19 |       ||    19
 Stab: Betrayed ally     |       |       |       |     1 ||     1
